 Dungeon Crawl Stone Soup version 0.17.0-26-gececa24 (console) character file.

642 Kloppie the Poker (level 7, 0/57 HPs)
             Began as a Centaur Fighter on Nov 19, 2015.
             Succumbed to a water moccasin's poison
             ... on level 7 of the Dungeon.
             The game lasted 00:10:42 (5445 turns).

Kloppie the Poker (Centaur Fighter)                 Turns: 5445, Time: 00:10:42

Health: 0/57       AC:  7    Str: 16 (18) XL:     7   Next: 26%
Magic:  7/7        EV:  7    Int: 14      God:
Gold:   152        SH:  0    Dex: 11      Spells: 0 memorised, 6 levels left

rFire  . . .     SeeInvis .     a - +0 trident
rCold  . . .     Clarity  .     z - +0 scale mail
rNeg   . . .     SustAt   .     (no shield)
rPois  .         Gourm    .     v - +0 helmet
rElec  .         Spirit   .     f - -1 cloak (curse)
rCorr  .         Warding  .     (no gloves)
rMut   .         Stasis   .     (no barding)
MR     .....                    (no amulet)
Stlth  +.........               (no ring)
                                o - ring of stealth

@: brilliant, lethally poisoned (0 -> -14), flying, very quick, not resistant to
hostile enchantments, very unstealthy
A: hooves 3, clever 1, deformed body, speed 2, tough skin 3
a: no special abilities


You were on level 7 of the Dungeon.
You were not hungry.

You visited 1 branch of the dungeon, and saw 7 of its levels.

You collected 152 gold pieces.

Inventory:

Hand Weapons
 a - a +0 trident (weapon)
Missiles
 m - 53 bolts
Armour
 b - a +0 scale mail
 c - a +0 shield
 f - a cursed -1 cloak (worn)
 h - a +0 cloak
 v - a +0 helmet (worn)
 z - a +0 scale mail (worn)
Jewellery
 o - a ring of stealth (left hand)
Wands
 t - a wand of paralysis (7)
Scrolls
 j - a scroll of random uselessness {unknown}
 k - a scroll of identify {unknown}
 n - a scroll of teleportation {unknown}
 p - a scroll of fog {unknown}
 q - a scroll of enchant armour {unknown}
 r - 4 scrolls of fear {unknown}
 u - a scroll of enchant weapon {unknown}
 y - a scroll of recharging {unknown}
Potions
 d - 2 potions of might
Comestibles
 e - 4 bread rations
 l - 2 meat rations
 w - 4 chunks of flesh


   Skills:
 - Level 3.0 Fighting
 + Level 7.4 Polearms
 - Level 2.1 Armour
 - Level 2.1 Shields


You had 6 spell levels left.
You didn't know any spells.

Dungeon Overview and Level Annotations

Branches:
Dungeon (8/15)
 Temple: D:4-7         Lair: D:8-11

Altars:
Okawaru

Annotations:
D:2 Sigmund
D:7 Yendor's ghost, novice DsAK


Innate Abilities, Weirdness & Mutations

You have hooves in place of feet.
Armour fits poorly on your strangely shaped body.
You cover ground very quickly.
You have extremely tough skin (AC +3).
Your mind is acute. (Int +2)


Message History

The goblin hits you but does no damage.
Drink which item? (? for menu, Esc to quit)
It was a potion of mutation.
You feel extremely strange.
You feel clever.
You feel agile.
You feel clumsy.
* * * LOW HITPOINT WARNING * * *
You feel sick. The goblin hits you but does no damage.
* * * LOW HITPOINT WARNING * * *
You feel sick.
* * * LOW HITPOINT WARNING * * *
You feel sick.
* * * LOW HITPOINT WARNING * * *
You feel sick.
You see here a bolt.
* * * LOW HITPOINT WARNING * * *
You feel sick.
* * * LOW HITPOINT WARNING * * *
You feel sick.
* * * LOW HITPOINT WARNING * * *
You feel sick.
You die...

....# ##.')).g.....(...
....# #.g#####.#+######
.... #....#...# ...
#....#...# #.# #g..####.##
#.## ########...'..[..#
...## ...........#..#..#
....#####.######...###'#..#
....>.....######@#.# .#....
## ....####...........#
#'##... ...##
.#######...### #.. #'# †.##
#....#(.'.) ..#### ..###..
#....#..####..'..# ........
#....#.('..'..# # ..##.....
#....####.[####### .## #...
#..........).....[ .# #.#
#..###.###.#..###.


You could see a hobgoblin and a goblin.

Vanquished Creatures
  A water moccasin (D:7)
  A phantom (D:5)
  2 scorpions
  A hound (D:3)
  An orc priest (D:3)
  A centaur skeleton (D:5)
  Terence (D:2)
  4 worker ants
  3 adders
  A gnoll (D:7)
  An ooze (D:2)
  2 adder skeletons
  4 worms
  3 giant geckos
  10 orcs
  A giant cockroach (D:3)
  7 goblins
  12 hobgoblins
  6 jackals
  7 kobolds
  6 bats
  4 giant newts
  2 rats (D:2)
81 creatures vanquished.

Notes
Turn   | Place    | Note
--------------------------------------------------------------
     0 | D:1      | Kloppie the Centaur Fighter began the quest for the Orb.
     0 | D:1      | Reached XP level 1. HP: 19/19 MP: 1/1
   196 | D:1      | Reached XP level 2. HP: 23/26 MP: 2/2
  1039 | D:2      | Noticed Terence
  1046 | D:2      | Reached XP level 3. HP: 31/31 MP: 3/3
  1060 | D:2      | Killed Terence
  1272 | D:2      | Reached XP level 4. HP: 38/38 MP: 4/4
  1275 | D:2      | Noticed Sigmund
  1943 | D:3      | Reached skill level 4 in Polearms
  2602 | D:3      | Reached XP level 5. HP: 31/45 MP: 5/5
  2668 | D:3      | Found an iron altar of Okawaru.
  3214 | D:3      | Reached skill level 5 in Polearms
  3556 | D:4      | Reached XP level 6. HP: 44/51 MP: 6/6
  4213 | D:5      | Entered Level 5 of the Dungeon
  4250 | D:5      | Reached skill level 6 in Polearms
  4757 | D:5      | You fall through a shaft for 3 floors!
  4856 | D:7      | Noticed Yendor's ghost (novice DsAK)
  4933 | D:7      | Reached skill level 7 in Polearms
  4933 | D:7      | Reached XP level 7. HP: 43/57 MP: 7/7
  4940 | D:7      | Noticed a water moccasin
  5432 | D:7      | Killed a water moccasin
  5438 | D:7      | Gained mutation: Your mind is acute. (Int +2) [potion of mutation]
  5438 | D:7      | Gained mutation: You are agile. (Dex +2) [potion of mutation]
  5438 | D:7      | Lost mutation: You are agile. (Dex +2) [potion of mutation]
  5443 | D:7      | HP: 2/57 [poisoned by a water moccasin]
  5445 | D:7      | Succumbed to a water moccasin's poison

Action                   |  1- 3 |  4- 6 |  7- 9 || total
-------------------------+-------+-------+-------++-------
Melee: Trident           |   104 |   304 |    58 ||   466
  Use: Potion            |       |     1 |     6 ||     7
  Eat: Chunk             |       |    11 |     1 ||    12
